 Dungeon Crawl Stone Soup version 0.30-a0-802-gb92711b (webtiles) character file.

Game seed: 9619803098403904894

39 RutDarkdig the Digger (level 3, -10/16 HPs)
             Began as a Vine Stalker Earth Elementalist on Feb 23, 2023.
             Mangled by Terence
             ... wielding a +2 hand axe of electrocution
              (12 damage)
             ... on level 2 of the Dungeon.
             The game lasted 00:02:30 (1352 turns).

RutDarkdig the Digger (VSEE)                        Turns: 1352, Time: 00:02:30

Health: -10/16     AC:  3    Str: 10    XL:     3   Next: 45%
Magic:  0/8        EV: 12    Int: 17    God:
Gold:   124        SH:  0    Dex: 14    Spells: 4/7 levels left

rFire   . . .      SeeInvis .    (no weapon)
rCold   . . .      Faith    .    (no shield)
rNeg    . . .      Spirit   +    a - +0 robe
rPois   .          Reflect  .    (no helmet)
rElec   .          Harm     .    (no cloak)
rCorr   .          Rampage  .    f - +0 pair of gloves
Will    .....                    (no boots)
Stlth   ++                       (no amulet)
HPRegen 0.22/turn                (no ring)
MPRegen 0.11/turn                (no ring)

@: no status effects
A: fangs 2, magic shield, antimagic bite, no potion heal 2
a: no special abilities


You were on level 2 of the Dungeon.
You visited 1 branch of the dungeon, and saw 2 of its levels.

You collected 124 gold pieces.

Inventory:

Armour
 a - a +0 robe (worn)
 f - a +0 pair of gloves (worn)
Jewellery
 i - an amulet of faith
Scrolls
 c - a scroll of identify {unknown}
 d - a scroll of fear {unknown}
 g - a scroll of enchant weapon {unknown}
 j - a scroll of teleportation {unknown}
Potions
 b - a potion of magic
 e - a potion of mutation {unknown}
 h - a potion of curing {unknown}


   Skills:
 + Level 1.9 Dodging
 + Level 2.9 Stealth
 * Level 2.8 Spellcasting
 - Level 1.0 Transmutations
 * Level 3.5 Earth Magic


You had 4 spell levels left.
You knew the following spells:

 Your Spells              Type           Power      Damage    Failure   Level
a - Sandblast             Erth           28%        2d8       4%          1
b - Passwall              Tmut/Erth      8%         N/A       11%         2

Your spell library contained the following spells:

 Spells                   Type           Power      Damage    Failure   Level
 Stone Arrow              Conj/Erth      16%        3d8       26%         3
 Petrify                  Tmut/Erth      10%        N/A       56%         4


Dungeon Overview and Level Annotations

Branches:
Dungeon (2/15)

Altars:

Shops:
D:2 ?

Annotations:
D:2 Terence


Innate Abilities, Weirdness & Mutations

You have extremely sharp teeth.
When hurt, damage is shared between your health and your magic reserves.
Your bite disrupts and absorbs the magic of your enemies.
Potions cannot restore your health.


Message History

You kill the worm!
You can't see any susceptible monsters within range! (Use Z to cast anyway.)
Your magical contamination has completely faded away.
You see here a worm corpse.
Key pressed, stopping explore.
Found a stone staircase leading up.
You see here an orb of mayhem.
A bat comes into view.
A bat is nearby!
A bat is nearby!
A bat is nearby!
The blast of sand hits the bat.
You kill the bat!
You can't see any susceptible monsters within range! (Use Z to cast anyway.) Key pressed, stopping explore.
There is an open door here.
Key pressed, stopping explore.
j - a scroll labelled JOBLUGIMMIA A hobgoblin comes into view.
Terence the Incautious comes into view.
He is wielding a +2 hand axe of electrocution.
The blast of sand hits the hobgoblin.
The hobgoblin is heavily wounded.
Terence drinks a potion.
Terence seems to speed up.
The blast of sand hits the hobgoblin!
You kill the hobgoblin!
The blast of sand hits Terence but does no damage.
The blast of sand hits Terence but does no damage.
Terence hits you with a +2 hand axe of electrocution.
Terence barely misses you.
The blast of sand hits Terence but does no damage.
Terence barely misses you.
Terence hits you with a +2 hand axe of electrocution!
Ouch! That really hurt!
You are too injured to fight recklessly!
Terence attacks as you move away! Terence barely misses you.
Terence hits you with a +2 hand axe of electrocution.
* * * LOW HITPOINT WARNING * * *
You are electrocuted!
Ouch! That really hurt!
You die...

###..........'...##........#
#. #
#..........######........#
#. # ##.######### #........#
###. # #.# #........# #... #
#.# #........# ###. # #.#
########## ## ####.########
#########
............#####........
................@@.......
#######.....#####........
#####..# #........
##.............
####....##### ####.. ###


You could see Terence (fast).

Vanquished Creatures
  2 adders (D:2)
  A worm (D:2)
  An endoplasm (D:1)
  4 hobgoblins
  3 ball pythons (D:1)
  A bat (D:2)
  3 frilled lizards (D:1)
  3 kobolds
  3 rats
21 creatures vanquished.

Notes
Turn   | Place    | Note
-------+----------+-------------------------------------------
     0 | D:1      | RutDarkdig the Vine Stalker Earth Elementalist began the
                  | quest for the Orb.
     0 | D:1      | Reached XP level 1. HP: 9/9 MP: 4/4
   366 | D:1      | Reached XP level 2. HP: 13/13 MP: 6/6
   369 | D:1      | Learned a level 2 spell: Passwall
  1018 | D:2      | Reached XP level 3. HP: 15/16 MP: 2/8
  1073 | D:2      | Found Axteq's Magic Scroll Shoppe.
  1346 | D:2      | Noticed Terence
  1352 | D:2      | Mangled by Terence

Illustrated notes

Levels and vault maps discovered:
D:1:      nicolae_arrival_somewhat_less_tricky_arrival, layout_loops_ring,
          serial_glass, glass_columns_b, glass_columns_c, kennysheep_doodads
D:2:      layout_basic, serial_shops, shop_fountains, minmay_tromino_v7,
          uniq_terence, uniq_jessica, uniq_robin

Action                     || total
---------------------------++-------
  Melee: Unarmed           ||    27
         Bite              ||    10
         Punch             ||     1
   Cast: Sandblast         ||    26
   Stab: Sleeping          ||     1
 Armour: Robe              ||     2
  Dodge: Dodged            ||    19

Table legend: (Time is in decaauts)
 A = Elapsed time spent in this place.
 B = Non-inter-level travel time spent in this place.
 C = Inter-level travel time spent in this place.
 D = Time resting spent in this place.
 E = Time spent auto-exploring this place.
 F = Levels seen in this place.
 G = Mean time per level.
                   A        B        C        D        E       F      G
               +--------+--------+--------+--------+--------+-----+--------+
         Total |   1364 |   1346 |     18 |     76 |   1075 |   2 |  682.0 |
       Dungeon |   1364 |   1346 |     18 |     76 |   1075 |   2 |  682.0 |
               +--------+--------+--------+--------+--------+-----+--------+

Top non-repeatable levels by time:
     D:1: 883 daAuts
     D:2: 481 daAuts
